 Seeded DCSS version 0.31-a0-740-g87205ac768 (webtiles) character file.

Game seed: 2546569217855425961 (custom seed)

180 GigaChad the Shield-Bearer (level 5, -7/42 HPs)
             Began as a Formicid Fighter on Sept 7, 2023.
             Killed by divine providence
             ... invoked by an orc priest
              (16 damage)
             ... on level 4 of the Dungeon on Sept 12, 2023.
             The game lasted 00:03:59 (2033 turns).

GigaChad the Shield-Bearer (Formicid Fighter)       Turns: 2033, Time: 00:04:00

Health: -7/42      AC:  7    Str: 23    XL:     5   Next: 91%
Magic:  5/5        EV:  9    Int:  7    God:
Gold:   146        SH:  5    Dex: 13    Spells: 4/4 levels left

rFire   . . .        a - +0 war axe
rCold   . . .        c - +0 buckler
rNeg    . . .        b - +0 scale mail
rPois   .            (helmet unavailable)
rElec   .            (no cloak)
rCorr   .            (no gloves)
SInv    +            (no boots)
Will    .....        (no amulet) Stlth
                     (no ring)
HPRegen 0.27/turn    (no ring)
MPRegen 0.09/turn

%: no passive effects
@: no status effects
A: permanent stasis, dig shafts and tunnels, antennae 3, four strong arms
a: Dig, Shaft Self


You were on level 4 of the Dungeon.
You visited 1 branch of the dungeon, and saw 4 of its levels.

You collected 146 gold pieces.

Inventory:

Hand Weapons
 a - a +0 war axe (weapon)
Armour
 b - a +0 scale mail (worn)
 c - a +0 buckler (worn)
Jewellery
 g - a ring of wizardry
 h - a ring of ice
Scrolls
 k - a scroll of teleportation
 l - a scroll of identify
 o - a scroll of enchant weapon {unknown}
 q - a scroll of torment {unknown}
Potions
 d - a potion of might
 e - a potion of cancellation {unknown}
 f - 4 potions of curing {unknown}
 i - a potion of attraction {unknown}
 j - 2 potions of mutation {unknown}
 m - 2 potions of magic {unknown}
 n - a potion of enlightenment {unknown}
 p - a potion of heal wounds {unknown}


   Skills:
 * Level 4.0 Fighting
 * Level 4.0 Axes
 * Level 4.2 Armour
 * Level 4.8 Shields


You had 4 spell levels left.
You didn't know any spells.
Your spell library contained the following spells:

 Spells                   Type           Power      Damage    Failure   Level
 Poisonous Vapours        Pois/Air       0%         N/A       90%         2
 Mephitic Cloud           Conj/Pois/Air  0%         N/A       99%         3
 Animate Armour           Summ/Erth      0%         N/A       100%        4
 Summon Lightning Spire   Summ/Air       0%         N/A       100%        4
 Alistair's Intoxication  Tmut/Pois      0%         N/A       100%        5
 Borgnjor's Vile Clutch   Necr/Erth      0%         N/A       100%        5
 Freezing Cloud           Conj/Ice/Air   0%         6-21      100%        5
 Lee's Rapid Deconstruct  Erth           0%         3d4*      100%        5
 Eringya's Noxious Bog    Tmut/Pois      0%         4d6       100%        6


Dungeon Overview and Level Annotations

Branches:
Dungeon (4/15)
 Temple: D:4-7

Altars:
Cheibriados
Fedhas


Innate Abilities, Weirdness & Mutations

You cannot be hasted, slowed, berserked, paralysed or teleported.
You can dig through walls and to a lower floor.
You have a pair of large antennae on your head. (SInv)
Your four strong arms can wield two-handed weapons with a shield.


Message History

You hit the goblin.
The goblin is severely wounded.
The goblin hits you but does no damage. x2
An orc priest comes into view. It is wielding a +0 flail.
You hit the goblin.
You kill the goblin!
The orc priest mumbles some strange prayers to Beogh against you.
Beogh smites you!
You hear a shout! 2 orcs come into view.
The orc shouts!
You hear a shout!
You block the orc's attack. x2; The orc closely misses you.
The orc moves out of view. x2
You hear a shout!
Items here: $ ))) †.
You hit the orc.
The orc is moderately wounded.
You slash the orc!
You kill the orc!
The orc hits you with a +2 falchion of distortion.
Space warps around you. The orc closely misses you.
You barely miss the orc.
The orc is moderately wounded.
An orc wizard comes into view. It is wielding a +0 dagger.
The orc hits you with a +2 falchion of distortion.
You block the orc's attack.
The orc priest calls upon Beogh to heal the orc.
The orc's wounds heal themselves!
The orc closely misses you.
The orc hits you from afar with a +0 trident.
* * * LOW HITPOINT WARNING * * *
Unknown command.
Unknown command.
Unknown command.
You closely miss the orc.
The orc wizard casts a spell.
The orc wizard flickers and vanishes for a moment.
You block the orc's attack. The orc barely misses you.
The orc priest calls down the wrath of Beogh upon you.
Beogh smites you!
You die...

## ##### .####...#
........#
..###...##########
..# ##.........).#
.## ###########@#
.# ####o#### .#
#..ooo..# ##
#.##.o#.# #
..#.{o# # ..###o.#
# ..# ,.... .# #..
,...< ## #.. ..o.


You could see 2 orc priests, an orc wizard (invisible) and 3 orcs.

Vanquished Creatures
  An orc priest (D:4)
  5 adders
  2 worms
  2 dart slugs
  5 orcs
  10 ball pythons
  4 endoplasms
  4 giant cockroaches
  9 goblins
  9 hobgoblins
  6 jackals
  3 kobolds
  5 quokkas
  7 bats
  6 frilled lizards
  3 rats
81 creatures vanquished.

Notes
Turn   | Place    | Note
-------+----------+-------------------------------------------
     0 | D:1      | GigaChad the Formicid Fighter began the quest for the Orb.
     0 | D:1      | Reached XP level 1. HP: 18/18 MP: 1/1
    61 | D:1      | Reached XP level 2. HP: 16/24 MP: 2/2
   247 | D:1      | Reached XP level 3. HP: 29/29 MP: 3/3
   778 | D:2      | Reached XP level 4. HP: 32/37 MP: 4/4
   971 | D:2      | Reached XP level 5. HP: 42/42 MP: 5/5
  1596 | D:3      | Found a snail-covered altar of Cheibriados.
  1640 | D:3      | Upgraded the game from 0.31-a0-700-gf13585253f to
                  | 0.31-a0-740-g87205ac768
  1820 | D:3      | Found a blossoming altar of Fedhas.
  2033 | D:4      | Killed from afar by an orc priest

Illustrated notes

Levels and vault maps discovered:
D:1:      grunt_arrival_crossed_arrows, layout_basic, minmay_box_of_dots
D:2:      layout_rooms, grunt_ministairs_5,
          nicolae_concentric_dashed_squares_mild, dreamdust_mushroom_princess
D:3:      layout_basic, fedhas_altar_3, kennysheep_slug_shrine
D:4:      layout_loops_cross, uniq_robin

Skill      XL: |  1  2  3  4  5 |
---------------+----------------+-----
Axes           | 3 4 |  4.0
Armour         | 4 |  4.2
Fighting       | 4 |  4.0
Shields        | |  4.8

Action                     |  1- 3 |  4- 6 || total
---------------------------+-------+-------++-------
  Melee: War axe           |    90 |   132 ||   222
    Use: Scroll            |       |     1 ||     1
 Armour: Scale mail        |    63 |    93 ||   156
  Dodge: Dodged            |    49 |    84 ||   133
  Block: Buckler           |    28 |    42 ||    70

Table legend: (Time is in decaauts)
 A = Elapsed time spent in this place.
 B = Non-inter-level travel time spent in this place.
 C = Inter-level travel time spent in this place.
 D = Time resting spent in this place.
 E = Time spent auto-exploring this place.
 F = Levels seen in this place.
 G = Mean time per level.
                   A        B        C        D        E       F      G
               +--------+--------+--------+--------+--------+-----+--------+
         Total |   2122 |   2081 |     41 |      0 |   1515 |   4 |  530.5 |
       Dungeon |   2122 |   2081 |     41 |      0 |   1515 |   4 |  530.5 |
               +--------+--------+--------+--------+--------+-----+--------+

Top non-repeatable levels by time:
     D:1: 803 daAuts
     D:2: 633 daAuts
     D:3: 597 daAuts
     D:4: 86 daAuts
